AoeStats
← winkatchain

Arena

507373443Analyzed
1v1 RM · 1mo ago on Sep 17, 2026· 34m 52s· 2 players
Game mode
Random Map
Map size
Tiny (2 player)
Population
200
Speed
Normal
Resources
Standard
Victory
Conquest
Starting age
Dark Age
Ending age
Imperial Age
RankedLock teamsTeams togetherTeam positionsShared explorationLock speedFull tech treeHidden civsTurbo modeCheats
Victory
Defeat
🇧🇷 Franks · Brazil
982
+14
vs
🇹🇷 Franks · Türkiye
948
-35
winkatchain
8:40 Loom
10:33 Feudal Age
11:20 Double-Bit Axe
12:11 Wheelbarrow
17:17 Castle Age
18:12 Bow Saw
18:20 Hand Cart
23:10 Stone Mining
29:36 Forging
Madrags
11:41 Feudal Age
12:00 Loom
15:28 Castle Age
14:43 Double-Bit Axe
17:23 Bow Saw
25:19 Forging
25:14 Fletching
25:53 Arson
26:56 Bodkin Arrow
28:37 Iron Casting
28:33 Squires
33:27 Imperial Age
30:59 Gold Mining
31:00 Stone Mining
32:15 Murder Holes
34:35 Scale Mail Armor
34:43 Elite Throwing Axeman
Connection lost

Rejoining the realm…

Still unreachable

The connection could not be restored.

Session expired

The server has moved on; the page needs a fresh start.